Workbook

Sheet CARATULA
B2: ESTADOS FINANCIEROS CADIEM CASA DE BOLSA S.A. s/ Res. N° 30/2021 Título III Anexo F

Sheet ÍNDICE
B2: INDICE
B4: INFORMACIÓN GENERAL DE LA ENTIDAD | C4: 01
B5: BALANCE GENERAL | C5: 02
B6: ESTADO DE RESULTADO | C6: 03
B7: FLUJO DE EFECTIVO | C7: 04
B8: EVOLUCIÓN DEL PATRIMONIO NETO | C8: 05
B9: NOTAS A LOS ESTADOS CONTABLES (NOTA 1 a NOTA 4) | C9: 06
B10: NOTAS A LOS ESTADOS CONTABLES NOTA 5 (INCISO A a I) | C10: 07
B11: NOTAS A LOS ESTADOS CONTABLES NOTA 5 (INCISO J) | C11: 08
B12: NOTAS A LOS ESTADOS CONTABLES NOTA 5 (INCISO K a W) | C12: 09
B13: NOTAS A LOS ESTADOS CONTABLES (NOTA 6 a NOTA 12) | C13: 10
B14: CARTERA DE INVERSIONES - ANEXO I | C14: 11
B15: BIENES DE USO - ANEXO II | C15: 12
... B17: COMPOSICIÓN ACCIONARIA - ANEXO DE CAPITAL | C17: 14

Sheet 01
A1: Índice
B2: INFORMACIÓN GENERAL DE LA ENTIDAD
B3: Información al 30/09/2021
B4: 1. IDENTIFICACIÓN
B6: Razón Social: | E6: Cadiem Casa de Bolsa S.A.
B7: Registro CNV: | E7: N° 017 según Res. N° 754/04
B8: Código Bolsa: | E8: N° 017 según Res N° 524/04
B9: Dirección Oficina Principal: | E9: Quesada N° 4926 Edif. Atlas Center Piso 6i
B10: Teléfono: | E10: (021) 610-720
B11: E-mail: | E11: cadiem@cadiem.com.py
B12: Sitio Página Web: | E12: www.cadiem.com.py
B13: Domicilio Legal: | E13: Quesada N° 4926 Edif. Atlas Center Piso 6i
B15: 2. ANTECEDENTES DE CONSTITUCIÓN DE LA SOCIEDAD
B17: Escritura N°: 334 Fecha: 12/11/2003 Inscripción en Registro Público: N° 03, Serie C, Folio 28 y sgtes. Sección Contratos Fecha: 07/01/2004; Escritura N°: 001 Fecha: 02/01/2007 Inscripción en Registro Público: N° 291, Serie E, Folio 2581 y sgtes. Sección Contratos Fecha: 17/04/2007; Escritura N°: 878 Fecha: 24/10/211 Inscripción en Registro Público: N° 28, Serie F, Folio 220 y sgtes. Fecha: 06/04/2012; Escritura N°: 1486 Fecha: 28/11/2014 Inscripción en Registro Público: N° 164. Serie I, Folio 2153 Fecha: 16/02/2015; Escritura N°: 455 Fecha: 02/06/2017 Inscripción en Registro Público: N° 1. Serie Comercial, Folio 1/15 Fecha: 17/08/2017, reingreso 19/09/2017.
B23: 3. Administración
B25: CARGO | E25: NOMBRE Y APELLIDO
B26: Representantes Legales
B27: Presidente | E27: Elías Miguel Gelay
B28: Vice-presidente | E28: César Paredes Franco
B29: Director | E29: Gloria Ayala Person
B30: Sindico | E30: Juana Pabla Galeano
B31: Plana Ejecutiva
B32: Gerente Administrativo | E32: Myriam Celeste Silva
B33: Gerente Comercial | E33: Natalia Raquel Trinidad
B34: Gerente de Estructuraciones | E34: Viviana Mabel Cabrera
B35: Gerente de Tecnología de la Información | E35: Roberto Rufino Acosta
B36: Gerente de Operaciones | E36: Rodrigo Fernando García
B37: Auditoría Interna | E37: Jessica Pamela Díaz
B38: Contador | E38: Jorge Ramón Ugarte
B40: 4. CAPITAL Y PROPIEDAD
B42: El capital social se fija en Gs. 30.000.000.000 según Acta de Asamblea N° 31 de fecha 20/11/2020, distribuido en 30.000 acciones nominativas con Valor Nominal Gs. 1.000.000, de Clase Ordinaria Voto Múltiple (OVM) Ordinaria Simple (OS) Preferidas.
B44: Capital Emitido | E44: Gs. 26.000.000.000
B45: Capital Suscripto | E45: Gs. 24.426.000.000
B46: Capital Integrado | E46: Gs. 24.426.000.000
B47: Valor Nominal de las Acciones | E47: Gs. 1.000.000
B49: Cuadro de Capital Integrado
B50: N° | C50: Accionista | D50: Cantidad de Acciones | E50: Clase | F50: Voto | G50: Monto | H50: % de participación en capital integrado
B51: 1 | C51: Nominativa | D51: =+G51/1000000 -> 6000 | E51: OVM | F51: =5*D51 -> 30000 | G51: 6000000000 | H51: =+G51/$G$56 -> 0.24563989
B52: 2 | C52: Nominativa | D52: =+G52/1000000 -> 12426 | E52: OS | F52: =1*D52 -> 12426 | G52: 12426000000 | H52: =+G52/$G$56 -> 0.50872022
B53: 3 | C53: Nominativa | D53: =+G53/1000000 -> 2000 | E53: Preferida A | F53: 0 | G53: 2000000000 | H53: =+G53/$G$56 -> 0.081879964
B54: 4 | C54: Nominativa | D54: =+G54/1000000 -> 2000 | E54: Preferida B | F54: 0 | G54: 2000000000 | H54: =+G54/$G$56 -> 0.081879964
B55: 5 | C55: Nominativa | D55: =+G55/1000000 -> 2000 | E55: Preferida C | F55: 0 | G55: 2000000000 | H55: =+G55/$G$56 -> 0.081879964
B56: TOTAL | D56: =SUM(D51:D55) -> 24426 | F56: =SUM(F51:F54) -> 42426 | G56: =SUM(G51:G55) -> 24426000000 | H56: =SUM(H51:H55) -> 1
B58: Cuadro de Capital Suscripto
B59: N° | C59: Accionista | D59: Cantidad de Acciones | E59: Clase | F59: Voto | G59: Monto | H59: % de participación en capital suscripto
B60: 1 | C60: Nominativa | D60: =+G60/1000000 -> 6000 | E60: OVM | F60: =5*D60 -> 30000 | G60: 6000000000 | H60: =+G60/$G$65 -> 0.24563989
B61: 2 | C61: Nominativa | D61: =+G61/1000000 -> 12426 | E61: OS | F61: =1*D61 -> 12426 | G61: 12426000000 | H61: =+G61/$G$65 -> 0.50872022
B62: 3 | C62: Nominativa | D62: =+G62/1000000 -> 2000 | E62: Preferida A | F62: 0 | G62: 2000000000 | H62: =+G62/$G$65 -> 0.081879964
B63: 4 | C63: Nominativa | D63: =+G63/1000000 -> 2000 | E63: Preferida B | F63: 0 | G63: 2000000000 | H63: =+G63/$G$65 -> 0.081879964
B64: 5 | C64: Nominativa | D64: =+G64/1000000 -> 2000 | E64: Preferida C | F64: 0 | G64: 2000000000 | H64: =+G64/$G$65 -> 0.081879964
B65: TOTAL | D65: =SUM(D60:D64) -> 24426 | F65: =SUM(F60:F63) -> 42426 | G65: =SUM(G60:G64) -> 24426000000 | H65: =SUM(H60:H64) -> 1
B66: Cuadro s/ Res. 1/19 expresado en el Anexo de Capital
B68: 5. AUDITOR EXTERNO INDEPENDIENTE
B70: Nombre: | D70: Amaral & Asociados
B71: Registro CNV: | D71: AE 023
B72: Dirección: | D72: 25 de Mayo N° 1894 esq. Gral. Aquino
B73: Teléfono: | D73: 202-760
B75: 6. PERSONAS Y EMPRESAS VINCULADAS
B77: 6.1 Vinculada Controlante
B78: Denominación: | E78: Cadiem A.F.P.I.S.A.
B79: Dirección: | E79: Quesada N° 4926 Edif. Atlas Center Piso 6i
B80: Actividad Principal: | E80: Administradora de Fondos de Inversión
B81: Participación dentro del Capital: | E81: 0.81843
B82: Votos: | E82: 0.8184
B83: 6.2 Personas Vinculadas
B84: Elías Miguel Gelay: | D84: Presidente con el 22,45% de los Votos - 13,09% del Capital
B85: César Paredes Franco: | D85: Vice-Presidente con el 22,45% de los Votos – 13,09% del Capital
B86: Gloria Ayala Person: | D86: Director con el 22,45% de los Votos – 13,30 % del Capital
B87: Liliana Yolanda Meza: | D87: Accionista con el 22,51% de los Votos – 13,44 % del Capital
B88: Juana Pabla Galeano: | D88: Síndico
B89: Myriam Celeste Silva: | D89: Gte. Administrativo
B90: Natalia Raquel Trinidad: | D90: Gte. Comercial
B91: Roberto Rufino Acosta: | D91: Gte. Tecnología de la Información
B92: Viviana Mabel Cabrera: | D92: Gte. Estructuraciones
B93: Rodrigo Fernando García: | D93: Gte. Operaciones
B94: Jorge Ramón Ugarte | D94: Contador
B95: Jessica Pamela Díaz: | D95: Auditor Interno

Sheet 02
A1: Índice
B2: CADIEM CASA DE BOLSA S.A.
B3: BALANCE GENERAL
B4: Correspondiente al 30/09/2021, presentado en forma comparativa con el ejercicio cerrado al 31/12/2020
B5: EN GUARANIES
B7: ACTIVO | C7: Nota | D7: 44469 | E7: 44196 | F7: PASIVO | G7: Nota | H7: =+D7 -> 44469 | I7: =+E7 -> 44196
B8: Activo Corriente | F8: Pasivo Corriente
B9: Disponibilidades | C9: 5.D | D9: =+SUM(D10:D12) -> 13739176874 | E9: =+SUM(E10:E12) -> 5439011242 | F9: Documentos y Cuentas por Pagar | H9: =+SUM(H10:H12) -> 9556826534 | I9: =+SUM(I10:I12) -> 3138237903
B10: Caja | D10: 2000000 | E10: 1000000 | F10: Acreedores por Intermediación | G10: 5.L | H10: 8938940911 | I10: 2700968223
B11: Recaudaciones a Depositar | D11: 2000000000 | E11: 0 | F11: Acreedores Varios | G11: 5.K | H11: 282105951 | I11: 298124023
B12: Bancos | D12: 11737176874 | E12: 5438011242 | F12: Cuenta a Pagar a Personas y Empresas Relacionadas | G12: 5.N | H12: 335779672 | I12: 139145657
B13: Inversiones Temporarias | C13: Anexo I | D13: =+SUM(D14:D17) -> 148233338848 | E13: =+SUM(E14:E17) -> 24181604113 | F13: Préstamos Financieros | H13: =+SUM(H14:H17) -> 138365917167 | I13: =+SUM(I14:I17) -> 11881508817
B14: Títulos de Renta Variable | D14: 5019704348 | E14: 4240086458 | F14: Sobregiro en Cuenta Corriente | G14: 5.I | H14: 4223686457 | I14: 0
B15: Títulos de Renta Fija | D15: 67047839800 | E15: 14731194723 | F15: Préstamos en Bancos | G15: 5.I | H15: 13651568141 | I15: 6956817025
B16: Títulos de Renta Fija en Reporto | D16: 76165794700 | E16: 5210321760 | F16: Intereses a Devengar | H16: 0 | I16: 26308278
B17: Fondos Patrimoniales - Abiertos | D17: 0 | E17: 1172 | F17: Operaciones en Reporto | G17: 5.J | H17: 120490662569 | I17: 4898383514
B18: Créditos | C18: 5.E | D18: =+SUM(D19:D22) -> 1376099903 | E18: =+SUM(E19:E22) -> 2152900290 | F18: Provisiones | H18: =+SUM(H19:H22) -> 374007057 | I18: =+SUM(I19:I22) -> 140315834
B19: Deudores por Intermediación | C19: 5.E | D19: 256733580 | E19: 361990604 | F19: Impuesto a la Renta a Pagar | H19: 0 | I19: 0
B20: Documentos y Cuentas por Cobrar | C20: 5.E | D20: 11715000 | E20: 237084032 | F20: IVA a Pagar | H20: 111345239 | I20: 0
B21: Deudores Varios | C21: 5.E | D21: 30623080 | E21: 110629198 | F21: Retenciones de Impuestos | H21: 721655 | I21: 721655
B22: Cuentas por Cobrar a Personas y Empresas Relacionadas | C22: 5.E | D22: 1077028243 | E22: 1443196456 | F22: Aporte y Retenciones a Pagar | H22: 261940163 | I22: 139594179
B23: Otros Activos | D23: =+SUM(D24) -> 3075387883 | E23: =+SUM(E24) -> 211534545 | F23: Otros Pasivos | H23: =+SUM(H24:H25) -> 1024757249 | I23: =+SUM(I24:I25) -> 517028240
B24: Otros Activos Corrientes | C24: 5.H | D24: 3075387883 | E24: 211534545 | F24: Dividendos a Pagar en Efectivo | H24: 46912165 | I24: 0
B25: TOTAL ACTIVO CORRIENTE | D25: =+D9+D13+D18+D23 -> 166424003508 | E25: =+E9+E13+E18+E23 -> 31985050190 | F25: Otros Pasivos Corrientes | G25: 5.P | H25: 977845084 | I25: 517028240
B26: ACTIVO NO CORRIENTE | F26: TOTAL PASIVO CORRIENTE | H26: =+H9+H13+H18+H23 -> 149321508007 | I26: =+I9+I13+I18+I23 -> 15677090794
B27: Inversiones Permanentes | C27: Anexo I | D27: =+SUM(D28:D29) -> 18028818299 | E27: =+SUM(E28:E29) -> 9545006530 | F27: TOTAL PASIVO | H27: =+H26 -> 149321508007 | I27: =+I26 -> 15677090794
B28: Títulos Renta Variable | D28: 17128818299 | E28: 8694006530 | F28: PATRIMONIO NETO | G28: 5.S
B29: Acción de la Bolsa de Valores | D29: 900000000 | E29: 851000000 | F29: Capital | H29: 24426000000 | I29: 17110000000
B30: Bienes de Uso | C30: Anexo II | D30: =+D31+D32 -> 1780394870 | E30: =+E31+E32 -> 1831391431 | F30: Valuación Acción BVPASA | H30: 885500000 | I30: 836500000
B31: Bienes de Uso - Costo Revaluado | D31: 3285962894 | E31: 3064304311 | F31: Reserva Legal | H31: 1551435974 | I31: 1120059427
B32: (Depreciación Acumulada) | D32: -1505568024 | E32: -1232912880 | F32: Reserva de Revalúo | H32: 227468427 | I32: 227468427
B33: Activos Intangibles y Cargos Diferidos | C33: Anexo III | D33: =+SUM(D34:D35) -> 127814618 | E33: =+SUM(E34:E35) -> 129157354 | F33: Resultado Acumulado | H33: 0 | I33: 0
B34: Licencia | D34: 209115027 | E34: 195903161 | F34: Resultado del Ejercicio | H34: 10060790481 | I34: 8627530939
B35: (Amortización Acumulada) | D35: -81300409 | E35: -66745807
B36: Otros Activos No Corrientes | D36: =+SUM(D37) -> 111671594 | E36: =+SUM(E37) -> 108044082 | F36: Total Patrimonio Neto | H36: =+SUM(H29:H35) -> 37151194882 | I36: =+SUM(I29:I35) -> 27921558793
B37: Gastos no Devengados | C37: 5.H | D37: 111671594 | E37: 108044082
B38: TOTAL ACTIVO NO CORRIENTE | D38: =+D27+D30+D33+D36 -> 20048699381 | E38: =+E27+E30+E33+E36 -> 11613599397
B39: TOTAL ACTIVO | D39: =+D25+D38 -> 186472702889 | E39: =+E25+E38 -> 43598649587 | F39: TOTAL PASIVO Y PATRIMONIO NETO | H39: =+H27+H36 -> 186472702889 | I39: =+I27+I36 -> 43598649587
B42: CUENTA DE ORDEN | C42: Nota | D42: =+D7 -> 44469 | E42: =+E7 -> 44196 | F42: Cuenta de Orden | G42: Nota | H42: =+D42 -> 44469 | I42: =+E42 -> 44196
B43: Deudores Crédito Gs. | C43: 12 | D43: 689559820660 | E43: 94497965895 | F43: Acreedor Gs. | G43: 12 | H43: =+D43 -> 689559820660 | I43: =+E43 -> 94497965895
B44: Deudores Crédito USD | D44: 63992300 | E44: 8289832.4 | F44: Acreedor USD | H44: =+D44 -> 63992300 | I44: =+E44 -> 8289832.4
B45: Contratos Forward - Valor USD | D45: 1000000 | E45: 500000 | F45: Acreedor USD | H45: =+D45 -> 1000000 | I45: =+E45 -> 500000
B47: Las 12 notas - Anexo I - Anexo II - Anexo III - Anexo de Capital que acompañan forman parte integral de los estados financieros.

Sheet 03
A1: Índice
B2: CADIEM CASA DE BOLSA S.A.
B3: ESTADO DE RESULTADO
B4: Correspondiente al 30/09/2021, presentado en forma comparativa con el ejercicio cerrado al 30/09/2020
B5: EN GUARANIES
B7: CONCEPTO | C7: Nota | D7: 44469 | E7: 44104
B9: INGRESOS OPERATIVOS
B10: Comisiones por Operación en Rueda | D10: =SUM(D11:D12) -> 2900199958 | E10: =SUM(E11:E12) -> 3165969086
B11: Por Intermediación Acción en Rueda | D11: 84975384 | E11: 199610447
B12: Por Intermediación Renta Fija en Rueda | D12: 2815224574 | E12: 2966358639
B14: Comisión por Operaciones Fuera de Rueda | D14: 0 | E14: 0
B15: Por Intermediación Acción Fuera de Rueda | D15: 0 | E15: 0
B16: Por Intermediación Renta Fija Fuera de Rueda | D16: 0 | E16: 0
B18: Comisión por Contratos de Colocación Primaria | D18: 0 | E18: 0
B19: Comisiones por Contratos de Colocación Primaria de Acciones | D19: 0 | E19: 0
B20: Comisiones por Contratos de Colocación Primaria en Renta Fija | D20: 0 | E20: 0
B22: Ingresos por Administración de Cartera | D22: 0 | E22: 0
B23: Ingresos por Custodia de Valores | D23: 0 | E23: 0
B24: Ingresos por Asesoría Financiera | D24: 1124107588 | E24: 1171821713
B25: Ingresos por Intereses y Dividendos de Cartera Propia | D25: 4723322719 | E25: 2849976673
... B27: Ingresos por Venta de Cartera Propia a Personas y Empresas Relacionadas | D27: 0 | E27: 0
B28: Ingresos por Operaciones y Servicios a Personas Relacionadas | C28: 5.U | D28: 14972669097 | E28: 2706040476
B29: Ingresos por Operaciones y Servicios Extrabursátiles | C29: 5.U | D29: 0 | E29: 0
B31: Otros Ingresos Operativos | C31: 5.U | D31: 549065295 | E31: 374633603
B33: GASTOS OPERATIVOS | D33: =SUM(D34:D36) -> -8161086769 | E33: =SUM(E34:E36) -> -4284470687
B34: Gastos por Comisiones y Servicios | D34: -3559859213 | E34: -1625686656
B35: Aranceles por Negociación Bolsa de Valores | D35: -209306580 | E35: -186851586
B36: Otros Gastos Operativos | C36: 5.V | D36: -4391920976 | E36: -2471932445
B37: RESULTADO OPERATIVO BRUTO | D37: =+SUM(D11:D33) -> 17769155305 | E37: =+SUM(E11:E33) -> 10130388251
B39: GASTOS DE COMERCIALIZACIÓN | D39: =SUM(D40:D42) -> -554734333 | E39: =SUM(E40:E42) -> -263551522
B40: Publicidad | D40: -331241544 | E40: -138602491
B41: Folletos e Impresiones | D41: 0 | E41: 0
B42: Otros Gastos de Comercialización | C42: 5.V | D42: -223492789 | E42: -124949031
B44: GASTOS DE ADMINISTRACIÓN | D44: =SUM(D45:D53) -> -7290314293 | E44: =SUM(E45:E53) -> -5815827808
B45: Servicios Personales | D45: -5196567848 | E45: -4222921233
B46: Previsión, Amortización y Depreciaciones | D46: -287209746 | E46: -304347861
B47: Mantenimiento | D47: -31551631 | E47: -28503050
B48: Alquileres | D48: -462232491 | E48: -453255115
B49: Gastos Generales | D49: -241703175 | E49: -214535457
B50: Seguros | D50: -10770845 | E50: -9656186
B51: Multas | D51: -2013567 | E51: -6011476
B52: Impuestos, Tasas y Contribuciones | D52: -45495788 | E52: -25799741
B53: Otros Gastos de Administración | C53: 5.V | D53: -1012769202 | E53: -550797689
B54: RESULTADO OPERATIVO NETO | D54: =+D37+D39+D44 -> 9924106679 | E54: =+E37+E39+E44 -> 4051008921
B56: OTROS INGRESOS Y EGRESOS | C56: 5.W | D56: =SUM(D57:D59) -> 118202379 | E56: =SUM(E57:E59) -> 690792915
B57: Otros Ingresos | D57: 118202379 | E57: 690792915
B58: Otros Egresos | D58: 0 | E58: 0
B60: RESULTADOS FINANCIEROS | C60: 5.Y | D60: =+D61+D64 -> 18481423 | E60: =+E61+E64 -> 506635319
B61: Generados por Activos | D61: =SUM(D62:D63) -> -271986389 | E61: =SUM(E62:E63) -> 1255678120
B62: Intereses Cobrados | D62: 0 | E62: 0
B63: Diferencia de Cambio | D63: -271986389 | E63: 1255678120
B64: Generados por Pasivos | D64: =SUM(D65:D67) -> 290467812 | E64: =SUM(E65:E67) -> -749042801
B65: Intereses Pagados | D65: 0 | E65: 0
B66: Diferencia de Cambio. | D66: 290467812 | E66: -749042801
B68: RESULTADO EXTRAORDINARIO | C68: 5.Z | D68: 0 | E68: 0
B69: Ingresos Extraordinarios | D69: 0 | E69: 0
B70: Egresos Extraordinarios | D70: 0 | E70: 0
B72: AJUSTE DE RESULTADO DE EJERCICIOS ANTERIORES | D72: =SUM(D73:D75) -> 0 | E72: =SUM(E73:E75) -> -14364951
B73: Ingresos | D73: 0 | E73: 85736435
B74: Egresos | D74: 0 | E74: -100101386
B76: UTILIDAD O (PERDIDA) | D76: =+D54+D56+D60+D72 -> 10060790481 | E76: =+E54+E56+E60+E72 -> 5234072204
B77: IMPUESTO A LA RENTA | D77: 0 | E77: 0
B78: RESULTADO DEL EJERCICIO | D78: =+D76-D77 -> 10060790481 | E78: =+E76-E77 -> 5234072204
B80: Las 12 notas - Anexo I - Anexo II - Anexo III - Anexo de Capital que acompañan forman parte integral de los estados financieros.

Sheet 04
A1: Índice
B2: CADIEM CASA DE BOLSA S.A.
B3: ESTADO DE FLUJO DE EFECTIVO
B4: Correspondiente al 30/09/2021, presentado en forma comparativa con el ejercicio cerrado al 30/09/2020
E6: 44469 | F6: 44104
B7: 1. | C7: FLUJO DE EFECTIVO POR LAS ACTIVIDADES OPERATIVAS
C8: Ingresos en Efectivo por comisiones y otros | E8: 17895591945 | F8: 14851934417
C9: Efectivo pagado a empleados | E9: -4992076078 | F9: -4094359981
C10: Efectivo Generado (usado) por otras actividades | E10: 0 | F10: 0
C11: Total de Efectivo de las Actividades operativas antes de cambios en los activos de operación | E11: =+SUM(E8:E10) -> 12903515867 | F11: =+SUM(F8:F10) -> 10757574436
C12: (Aumento) Disminución en los activos de operación | E12: =+E13 -> 0 | F12: =+F13 -> 0
C13: Fondos Colocados a corto plazo | E13: 0 | F13: 0
C14: Aumento (Disminución) en pasivos operativos | E14: =+E15 -> -8701882443 | F14: =+F15 -> 15024182755
C15: Pagos a Proveedores | E15: -8701882443 | F15: 15024182755
C16: Efectivo neto de Actividades de Operación antes de impuestos | E16: =+E11+E14 -> 4201633424 | F16: =+F11+F14 -> 25781757191
C17: Impuesto a la renta | E17: -191068134 | F17: 0
C18: Efectivo Neto provisto de Actividades de Operación | E18: =+E16+E17 -> 4010565290 | F18: =+F16+F17 -> 25781757191
B20: 2. | C20: FLUJO DE EFECTIVO EN ACTIVIDADES DE INVERSIÓN
C21: Inversiones en Otras Empresas | E21: -258592500 | F21: 0
C22: Inversiones Temporarias | E22: -123963803217 | F22: 5438217649
C23: Fondo con destino especial | E23: 0 | F23: 0
C24: Compra de Propiedad, planta y equipo | E24: -234870449 | F24: -50931652
C25: Adquisición de Acciones y Títulos de Deuda (Cartera Propia) | E25: 0 | F25: 0
C26: Intereses percibidos | E26: 0 | F26: 0
C27: Dividendos percibidos | E27: 239769699 | F27: 290326332
C28: Efectivo Neto en Actividades de Inversión | E28: =+SUM(E21:E27) -> -124217496467 | F28: =+SUM(F21:F27) -> 5677612329
B30: 3. | C30: FLUJO DE EFECTIVO POR ACTIVIDADES DE FINANCIAMIENTO
C31: Aportes de Capital | E31: 0 | F31: 0
C32: Proveniente de préstamos y otras deudas | E32: 132295533764 | F32: -30151508432
C33: Dividendos Pagados | E33: -833242227 | F33: -1582081372
C34: Intereses Pagados | E34: -2973676151 | F34: -2188043979
C35: Efecto de las variaciones en tipo de cambio | E35: 18481423 | F35: 506635319
C36: Efectivo Neto en Actividades de Financiamiento | E36: =+SUM(E31:E35) -> 128507096809 | F36: =+SUM(F31:F35) -> -33414998464
C38: Aumento (o disminución) neto de efectivo y sus equivalentes | E38: =+E18+E28+E36 -> 8300165632 | F38: =+F18+F28+F36 -> -1955628944
C39: Efectivo y equivalentes al efectivo al comienzo del período | E39: 5439011242 | F39: 7292766449
C40: Efectivo y equivalentes al efectivo al cierre del período | E40: =+E38+E39 -> 13739176874 | F40: =+F38+F39 -> 5337137505
C42: Las 12 notas - Anexo I - Anexo II - Anexo III - Anexo de Capital que acompañan forman parte integral de los estados financieros.

Sheet 05
A1: Índice
B2: CADIEM CASA DE BOLSA S.A.
B3: ESTADO DE VARIACIÓN DEL PATRIMONIO NETO
B4: Corresponde al 30/09/2021 presentado de forma comparativa al 30/09/2020
B5: EN GUARANIES
B7: Movimientos | C7: CAPITAL | G7: RESERVAS | J7: RESULTADOS | L7: PATRIMONIO NETO
C8: Suscripto | D8: A Integrar | E8: Integrado | F8: Valuación Acción BVPASA | G8: Legal | H8: Facultativa | I8: Revalúo | J8: Acumulados | K8: Del Ejercicio | L8: 44469 | M8: 44104
B9: Saldo al Inicio | C9: 17554000000 | D9: 444000000 | E9: 17110000000 | F9: 836500000 | G9: 1120059427 | H9: 0 | I9: 227468427 | J9: 0 | K9: 8627530939 | L9: 27921558793 | M9: 20744480814
B10: Movimientos Subsecuentes | C10: 6872000000 | D10: 0 | E10: 0 | F10: 0 | G10: 0 | H10: 0 | I10: 0 | J10: 8627530939 | K10: -8627530939 | L10: 0 | M10: 0
B11: Capitalización de Utilidades | C11: 0 | D11: 0 | E11: 7316000000 | F11: 0 | G11: 0 | H11: 0 | I11: 0 | J11: -7316000000 | K11: 0 | L11: 0 | M11: 237000000
B12: Integración de Acciones | C12: 0 | D12: 0 | E12: 0 | F12: 0 | G12: 0 | H12: 0 | I12: 0 | J12: 0 | K12: 0 | L12: 0
B13: Dividendos a Pagar | C13: 0 | D13: 0 | E13: 0 | F13: 0 | G13: 0 | H13: 0 | I13: 0 | J13: -880154392 | K13: 0 | L13: -880154392 | M13: -1788452960
B14: Reserva Legal | C14: 0 | D14: 0 | E14: 0 | F14: 0 | G14: 431376547 | H14: 0 | I14: 0 | J14: -431376547 | K14: 0 | L14: 0 | M14: 0
B15: Valuación Acc BVPASA | C15: 0 | D15: 0 | E15: 0 | F15: 49000000 | G15: 0 | H15: 0 | I15: 0 | J15: 0 | K15: 0 | L15: 49000000 | M15: 0
B16: Revaluó | C16: 0 | D16: 0 | E16: 0 | F16: 0 | G16: 0 | H16: 0 | I16: 0 | J16: 0 | K16: 0 | L16: 0
B17: Resultado del Ejercicio | C17: 0 | D17: 0 | E17: 0 | F17: 0 | G17: 0 | H17: 0 | I17: 0 | J17: 0 | K17: 10060790481 | L17: 10060790481 | M17: 5234072204
B18: =+L8 -> 44469 | C18: 24426000000 | D18: 0 | E18: 24426000000 | F18: 885500000 | G18: 1551435974 | H18: 0 | I18: 227468427 | J18: 0 | K18: 10060790481 | L18: 37151194882 | M18: 0
B19: =+M8 -> 44104 | C19: 17554000000 | D19: 444000000 | E19: 17110000000 | F19: 735500000 | G19: 1120059427 | I19: 227468427 | J19: 0 | K19: 5234072204 | M19: 24427100058
N20: =+N18-N19 -> 0
B21: Las 12 notas - Anexo I - Anexo II - Anexo III - Anexo de Capital que acompañan forman parte integral de los estados financieros.

Sheet 06
A1: Índice
B2: CADIEM CASA DE BOLSA S.A.
B3: Notas a los Estados Contables al 30 de septiembre de 2021
B5: Nota 1 – Consideración de los Estados Contables.
B7: Los estados contables fueron aprobados por Acta de Directorio N° 177 de fecha 29/10/2021 sin ninguna observación que mencionar.
B9: Nota 2 - Información básica de la empresa
B11: 2.1 Naturaleza Jurídica de las actividades de la sociedad
B12: CADIEM Casa de Bolsa S.A. tiene por objeto efectuar todas las actividades, operaciones y servicios que sean compatibles con la actividad de intermediación en el mercado de valores y cualquier otra actividad permitida que previamente, de manera general, lo autorice la Comisión Nacional de Valores. Fue constituida por Escritura Pública Nro. 334, de fecha 12.11.2003, pasada ante la Escribana Pública Katia Ayala Ratti, e inscripta en los Registros Públicos de Personas Jurídicas y Asociaciones, en fecha 23.12.2003. Modificación de Estatutos: Primera modificación: En el Registro Público de Comercio No.291, Serie E, Folio 2581 y sgtes, por Escritura Pública No. 1 del 02.01.2007, Folio 2 y sgtes, pasada por el Escribano Luis Enrique Peroni. Segunda modificación: En el Registro Público de Comercio Número 688, Serie G, folio 5942 del 23/12/2011. Tercera modificación: En el Registro Público de Comercio Número 147, Serie E, folio 1652 y sgtes de fecha 16/02/2015. Cuarta modificación: En el Registro Público de Comercio Número 1, Serie Comercial, folio 1/15 de fecha 17/08/2017, reingreso 19/09/2017. Habilitada por la Comisión Nacional de Valores para operar como Intermediaria en el Mercado de Valores, llevando la Nomenclatura CB (Casa de Bolsa) seguido de la numeración 017, por Resolución No. 754/04 Acta No. 04/04 de fecha 19.01.2004, e igualmente inscripta en la Bolsa de Valores y Productos de Asunción S.A. por Resolución No. 524/04 de fecha 26.01.2004.
B28: 2.2. Participación en otras empresas
B30: Nombre | E30: Monto de Participación | F30: % Participación en Capital de la Otra Empresa | G30: % Participación en el Capital Propio | H30: Factor de Vinculación
B31: Cadiem Administradora de Fondos Patrimoniales de Inversión S.A. | E31: 8309300000 | F31: 0.81837611 | G31: 0.34018259 | H31: Controlante
B33: Nota 3 - Principales políticas y prácticas contables aplicadas
B35: 3.1 Base de Preparación de los Estados Contables
B37: Los estados financieros se han preparado de acuerdo con normas contables y criterios de valuación dictados por la Comisión Nacional de Valores y con normas de información financiera vigentes en el Paraguay. La moneda funcional y de presentación de los estados financieros de la entidad es el Guaraní, la moneda local de Paraguay. Dado que la inflación acumulada en los últimos tres años, calculada a base del Índice de Precios al Consumidor emitido por el Banco Central del Paraguay, ha sido inferior al 100%, los estados financieros se presentan en unidad de medida heterogénea. Consecuentemente los estados financieros no fueron expresados en moneda homogénea de poder adquisitivo constante.
B44: 3.2 Criterio de Valuación
B46: Los estados financieros fueron preparados utilizando como principal criterio de valuación el costo histórico, con las excepciones que se mencionan en los siguientes numerales de esta nota.
B49: 3.3 Política de Constitución de Previsiones
B51: Las previsiones para cuentas de dudoso cobro se determinan anualmente sobre la base del estudio de la cartera de clientes realizado con el objeto de determinar la porción no recuperable de las cuentas por cobrar.
B54: 3.4 Política de Bienes de Uso
B56: Al 31 de diciembre de 2019 los bienes de uso se exponen a su costo histórico revaluado a partir del año siguiente al de su incorporación, de acuerdo con lo establecido en el artículo 12 de la Ley Nº 125/91, menos la correspondiente depreciación acumulada. El incremento neto por revaluación se acredita a la cuenta Reserva de Revalúo del patrimonio neto. La depreciación de los bienes de uso es calculada por el método de línea recta a partir del año siguiente de su incorporación, aplicando las tasas anuales determinadas con base en la vida útil de los bienes. A partir del ejercicio 2020, los bienes de uso se exponen a su costo histórico, revaluado hasta el 31 de diciembre de 2019, menos la correspondiente depreciación acumulada de acuerdo con lo establecido en la Ley 6.380/19. La cuota de depreciación es calculada por el método de línea recta sobre el valor neto contable menos el valor residual de los bienes al 31 de diciembre de 2019, lo que implica un cambio en la base de cálculo de la depreciación respecto al ejercicio anterior. El valor residual es calculado sobre el valor neto contable de los bienes al 31 de diciembre de 2019. De acuerdo con lo establecido por la Ley 6.380/19, el Poder Ejecutivo podrá establecer el revalúo obligatorio de los bienes del activo fijo, cuando la variación del Índice de Precios al Consumo determinado por el Banco Central del Paraguay alcance al menos el 20% acumulado a partir del ejercicio 2019. El reconocimiento del revalúo obligatorio formará parte de una reserva patrimonial cuyo único destino podrá ser la capitalización.
B73: 3.5 Política de Reconocimiento de Ingresos y Egresos
B75: La entidad aplica el principio de lo devengado para el reconocimiento de los ingresos y la imputación de costos y gastos. Los ingresos operativos representan el importe de los bienes y servicios suministrados a terceros y son reconocidos en el Estado de Resultados cuando los riesgos y beneficios significativos asociados a la propiedad de estos han sido transferidos al comprador. La amortización de los bienes de uso es calculada según los criterios indicados en la Nota 3.4
B80: 3.6 Definición de Fondos Adoptada para la Preparación del Estado de Flujo de Efectivo
... B91: Los cambios de Políticas y Procedimientos de Contabilidad con relación al año anterior obedecen a las nuevas exigencias emanadas por la Ley 6380/19, específicamente en relación a la Valuación de Bienes de Uso e Intangibles.

Sheet 07
A1: Índice
B2: CADIEM CASA DE BOLSA S.A.
B3: Notas a los Estados Contables al 30 de septiembre de 2021
B5: Nota 5 – Criterios específicos de valuación
B7: A) Valuación en Moneda Extranjera
B8: CONCEPTO | C8: 44469 | D8: 44104 | E8: 44196
B9: Tipo de cambio comprador | C9: 6895.8 | D9: 6979.36 | E9: 6891.96
B10: Tipo de cambio vendedor | C10: 6918.66 | D10: 6990.35 | E10: 6941.65
B12: B) Posición en Moneda Extranjera
B14: DETALLE | C14: Moneda Extranjera Clase | D14: Moneda Extranjera Monto | E14: TIPO DE CAMBIO | F14: SALDO AL | G14: TIPO DE CAMBIO | H14: SALDO AL
E15: =+C8 -> 44469 | F15: =+E15 -> 44469 | G15: =+E8 -> 44196 | H15: =+G15 -> 44196
B16: ACTIVO
B17: Activo Corriente
B18: Disponibilidades | C18: USD | D18: 749048.27 | E18: 6895.8 | F18: 5165287060 | G18: 6891.96 | H18: 2035645764
B19: Créditos | C19: USD | D19: 49880.436 | E19: 6895.8 | F19: 3.4396551e+08 | G19: 6891.96 | H19: 4.012789e+08
B20: Inversiones | C20: USD | D20: 1060407.3 | E20: 6895.8 | F20: 7312356798 | G20: 6891.96 | H20: 14568482144
B21: Otros Activos | C21: USD | D21: 15095.009 | E21: 6895.8 | F21: 104092165 | G21: 6891.96 | H21: 100286288
B22: Activo No Corriente
B23: N/A | C23: N/A | D23: N/A | E23: N/A | F23: N/A | G23: N/A | H23: N/A
B24: N/A | C24: N/A | D24: N/A | E24: N/A | F24: N/A | G24: N/A | H24: N/A
B25: PASIVO
B26: Pasivo Corriente
B27: Deudas Diversas | C27: USD | D27: 7684.35 | E27: 6918.66 | F27: 53165405 | G27: 6941.65 | H27: 4578643
B28: Acreedores por Intermediación | C28: USD | D28: 408060.18 | E28: 6918.66 | F28: 2823229624 | G28: 6941.65 | H28: 735258228
B29: Deudas Financieras | C29: USD | D29: 1187593.8 | E29: 6918.66 | F29: 8216557859 | G29: 6941.65 | H29: 11881508817
B30: Pasivo No Corriente
B31: N/A | C31: N/A | D31: N/A | E31: N/A | F31: N/A | G31: N/A | H31: N/A
B32: N/A | C32: N/A | D32: N/A | E32: N/A | F32: N/A | G32: N/A | H32: N/A
B34: C) Diferencia de Cambio en Moneda Extranjera
B36: Concepto | C36: Tipo de Cambio | D36: Monto Ajustado | E36: Tipo de Cambio | F36: Monto Ajustado
C37: =+E15 -> 44469 | D37: =+C37 -> 44469 | E37: =+D8 -> 44104 | F37: =+E37 -> 44104
B38: Ganancia por Valuación de Activos Monetarios en Moneda Extranjera | C38: 6895.8 | D38: 1992422220 | E38: 6979.36 | F38: 1980197258
B39: Ganancia por Valuación de Pasivos Monetarios en Moneda Extranjera | C39: 6918.66 | D39: 1071417733 | E39: 6990.35 | F39: 228153217
B40: Pérdida por Valuación de Activos Monetarios en Moneda Extranjera | C40: 6895.8 | D40: -2265393807 | E40: 6979.36 | F40: -724651894
B41: Pérdida por Valuación de Pasivos Monetarios en Moneda Extranjera | C41: 6918.66 | D41: -779964723 | E41: 6990.35 | F41: -977063262
B43: D) Disponibilidades: La cuenta disponibilidades está compuesta por valores de Cuenta Propia y valores de Cuentas Compensadoras, que se detallan a continuación.
B46: Cuenta Propia | C46: =+'02'!D7 -> 44469 | D46: =+'02'!E7 -> 44196
B47: Recaudaciones a Depositar | C47: 2000000000 | D47: 0
B48: Banco GNB USD | C48: 1394150504 | D48: 0
B49: Visión Banco | C49: 606153910 | D49: 210353603
B50: Bancos Varios Gs. | C50: 331522464 | D50: 314701290
B51: Banco Itaú Propia USD | C51: 153587395 | D51: 14221215 | E51: (*)
B52: Bancos Varios USD | C52: 125050851 | D52: 141081729
B53: Banco Continental Gs. | C53: 105566941 | D53: 159328445
B54: Banco BASA USD | C54: 63786219 | D54: 137839269
B55: Banco Itaú Paraguay S.A. | C55: 45900421 | D55: 5002765 | E55: (*)
B56: Sudameris Bank USD | C56: 41236884 | D56: 34459800 | E56: (*)
B57: Banco Continental USD | C57: 34513479 | D57: 34496396
B58: Banco Familiar USD | C58: 34479000 | D58: 0
B59: Visión Banco USD | C59: 34479000 | D59: 34459800 | E59: (*)
B60: Banco Atlas USD | C60: 34479000 | D60: 38153891 | E60: (*)
B61: Finexpar USD | C61: 6897248 | D61: 697176407
B62: Finexpar Gs. | C62: 4999636 | D62: 1017255117
B63: El Comercio | C63: 2032922 | D63: 432539648
B64: Caja Chica | C64: 2000000 | D64: 1000000
B65: Solar S.A. Ahorro y Finanzas USD | C65: 1718571 | D65: 0
B66: Sub-Total Cuenta Propia | C66: =SUM(C47:C65) -> 5022554445 | D66: =SUM(D47:D65) -> 3272069375
B67: (*) Se expone el saldo al 31/12/2020 para una mejor comparación con el cierre al 30/09/2021
B69: Cuenta Compensadora | C69: =+C46 -> 44469 | D69: =+D46 -> 44196
B70: Banco Itaú Operativo Gs. | C70: 5170996124 | D70: 861456835
B71: Banco Itaú Vto. Gs. | C71: 304717396 | D71: 394835815
B72: Banco Itaú Operativo USD | C72: 3161543285 | D72: 861986466
B73: Banco Itaú Vto. USD | C73: 79365624 | D73: 48662751
B74: Sub-Total Cuenta Compensadora | C74: =SUM(C70:C73) -> 8716622429 | D74: =SUM(D70:D73) -> 2166941867
B76: TOTAL DISPONIBILIDADES | C76: =+C66+C74 -> 13739176874 | D76: =+D66+D74 -> 5439011242
B78: E) Créditos
B80: Deudores por Intermediación: La composición es la siguiente
B82: CONCEPTO | C82: =+C46 -> 44469 | D82: =+D46 -> 44196
B83: Intermediación Negociación de Títulos. | C83: 256733580 | D83: 361990604
B84: TOTAL | C84: =SUM(C83:C83) -> 256733580 | D84: =SUM(D83:D83) -> 361990604
B86: Documentos y Cuentas por Cobrar: La composición es la siguiente
B88: CONCEPTO | C88: =+C82 -> 44469 | D88: =+D82 -> 44196
B89: Gestión Adm. y Reestructuración | C89: 6600000 | D89: 3850000
B90: Representación Obligacionista | C90: 3300000 | D90: 3465000
B91: Mantenimiento Bursátil | C91: 1815000 | D91: 2640000
B92: Comisión Colocación de Títulos | C92: 0 | D92: 144810374
B93: Servicios Financieros | C93: 0 | D93: 82318658
B94: TOTAL | C94: =SUM(C89:C93) -> 11715000 | D94: =SUM(D89:D93) -> 237084032
B96: Deudores Varios: La composición es la siguiente
B98: CONCEPTO | C98: =+C88 -> 44469 | D98: =+D88 -> 44196
B99: Adelanto de Vto. | C99: 18368080 | D99: 98374198
B100: Otras Deudas | C100: 12255000 | D100: 12255000
B101: TOTAL | C101: =SUM(C99:C100) -> 30623080 | D101: =SUM(D99:D100) -> 110629198
B103: Derechos Sobre Títulos por Contrato de Underwriting: A la fecha del presente informe la empresa no cuenta con contratos por dicho concepto.
B106: Cuentas Por Cobrar a Personas y Empresas Relacionadas: La composición es la siguiente
B108: CONCEPTO | C108: =+C98 -> 44469 | D108: =+D98 -> 44196
B109: Agente Colocador | C109: 1032599523 | D109: 564840196
B110: Préstamos | C110: 26319445 | D110: 2250000
B111: Beneficios | C111: 18109275 | D111: 42792862
B112: Operación de Reporto | C112: 0 | D112: 833313398
B113: TOTAL | C113: =SUM(C109:C112) -> 1077028243 | D113: =SUM(D109:D112) -> 1443196456
B115: F) Cargos Diferidos: A la fecha del presente informe la entidad no tiene datos que informar en esta nota
B118: H) Otros Activos Corrientes y No Corrientes: La composición es la siguiente
B120: OTROS ACTIVOS CORRIENTES
B121: CONCEPTO | C121: =+C108 -> 44469 | D121: =+D108 -> 44196
B122: Inmueble | C122: 2432658998 | D122: 0
B123: Anticipo Impuesto a la Renta | C123: 255721032 | D123: 64652898
B124: Anticipo Proveedores | C124: 159935885 | D124: 41825918
B125: Préstamos | C125: 65790280 | D125: 26308195
B126: Beneficios | C126: 57828174 | D126: 16406584
...

Sheet 08
A1: Índice
B2: CADIEM CASA DE BOLSA S.A.
B3: Notas a los Estados Contables al 30 de septiembre de 2021
B5: Nota 5 – Criterios específicos de valuación
B7: J) Operación en Reporto: Las operaciones Reportadas activas a la fecha son las siguientes
B9: Fecha Op. | C9: Comitente Reportador | D9: Cod. Negociación | E9: Moneda | F9: Monto Contable | G9: Plazo | H9: Fecha de Vencimiento
B10: 44321 | C10: 8961 | D10: PYTNA01F8731 | E10: PYG | F10: 9445758349 | G10: 153 | H10: 44474
B11: 44462 | C11: 7361 | D11: PYNUC01F9189 | E11: PYG | F11: 9570665168 | G11: 14 | H11: 44476
B12: 44462 | C12: 8961 | D12: PYTNA01F8731 | E12: PYG | F12: 9610068606 | G12: 180 | H12: 44642
B13: 44462 | C13: 2512 | D13: PYTNA01F0902 | E13: PYG | F13: 9746260603 | G13: 14 | H13: 44476
B14: 44463 | C14: 7361 | D14: PYCEC03F1369 | E14: PYG | F14: 9668649460 | G14: 14 | H14: 44477
B15: 44463 | C15: 2512 | D15: PYTNA01F1249 | E15: PYG | F15: 9768184149 | G15: 14 | H15: 44477
B16: 44467 | C16: 2512 | D16: PYTNA02F1255 | E16: PYG | F16: 9764012805 | G16: 6 | H16: 44473
B17: 44467 | C17: 2512 | D17: PYTNA02F1255 | E17: PYG | F17: 9764012805 | G17: 7 | H17: 44474
B18: 44467 | C18: 7361 | D18: PYGVA03F1663 | E18: PYG | F18: 9496540115 | G18: 6 | H18: 44473
B19: 44467 | C19: 7361 | D19: PYGVA03F1663 | E19: PYG | F19: 9496540115 | G19: 7 | H19: 44474
B20: 44468 | C20: 7361 | D20: PYCEC03F1369 | E20: PYG | F20: 9658255482 | G20: 7 | H20: 44475
B21: 44468 | C21: 2512 | D21: PYTNA02F1255 | E21: PYG | F21: 9762684098 | G21: 7 | H21: 44475
B22: SUB-TOTAL OPERACIÓN EN REPORTO Gs | F22: =SUM(F10:F21) -> 115751631755
B24: 44155 | C24: 3920 | D24: PYFIN03F0940 | E24: USD | F24: 684963.68 | G24: 336 | H24: 44491
B26: TOTAL OPERACIÓN EN REPORTO | F26: =SUM(F24:F24) -> 684963.68
E27: TC SET | F27: =+'07'!C10 -> 6918.66
B28: SUB-TOTAL OPERACIÓN EN REPORTO USD | F28: =+F26*F27 -> 4.7390308e+09
B29: TOTAL OPERACIÓN EN REPORTO | E29: =+'07'!C46 -> 44469 | F29: =+F22+F28 -> 1.2049066e+11
B31: =+'07'!D46 -> 44196
B32: Fecha Op. | C32: Comitente Reportador | D32: Cod. Negociación | E32: Moneda | F32: Monto Inicial | G32: Plazo | H32: Fecha de Vencimiento
B33: 44155 | C33: 3920 | D33: PYFIN03F0940 | E33: USD | F33: 705651.18 | G33: 336 | H33: 44491
B34: TOTAL | F34: =SUM(F33:F33) -> 705651.18
B35: TC. SET | F35: =+'07'!E10 -> 6941.65
F36: =+F34*F35 -> 4.8983835e+09
B37: TOTAL OPERACIÓN EN REPORTO AL | E37: =+B31 -> 44196 | F37: =+F36 -> 4.8983835e+09

Sheet 09
A1: Índice
B2: CADIEM CASA DE BOLSA S.A.
B3: Notas a los Estados Contables al 30 de septiembre de 2021
B5: Nota 5 – Criterios específicos de valuación
B7: K) Documentos y Cuentas por Pagar (corto y largo plazo)
B9: Acreedores Varios: La composición es la siguiente
B11: CONCEPTO | C11: =+'07'!C46 -> 44469 | D11: =+'07'!D46 -> 44196
B12: Servicios a Pagar Gs. | C12: 228940546 | D12: 293545380
B13: Servicios a Pagar USD | C13: 53165405 | D13: 4578643
B14: TOTAL | C14: =SUM(C12:C13) -> 282105951 | D14: =SUM(D12:D13) -> 298124023
B16: L) Acreedores por Intermediación (Corto y Largo Plazo): La composición es la siguiente
B18: CONCEPTO | C18: =+C11 -> 44469 | D18: =+D11 -> 44196
B19: Intermediación Negociación de Títulos | C19: 8938940911 | D19: 2700968223
B20: TOTAL | C20: =SUM(C19) -> 8938940911 | D20: =SUM(D19) -> 2700968223
B22: M) Administración de Cartera: La entidad no cuenta con obligaciones a la fecha
B24: N) Cuentas por Pagar a Personas y Empresas Relacionadas (corto y largo plazo)
B26: NOMBRE | C26: RELACIÓN | E26: TIPO DE OPERACIÓN | F26: ANTIGUED DE LA DEUDA | G26: VENCIMIENTO | H26: =+C18 -> 44469 | I26: =+D18 -> 44196
B27: Jessica Pamela Díaz | C27: Auditora Interna | E27: Servicio | F27: 0 | G27: 0 | H27: 19570917 | I27: 16362500
B28: Rodrigo Fernando García | C28: Gte. Operaciones | E28: Servicio | F28: 0 | G28: 0 | H28: 16585833 | I28: 12250000
B29: Viviana Mabel Cabrera | C29: Gte. Extructuraciones | E29: Servicio | F29: 0 | G29: 0 | H29: 13030657 | I29: 3261465
B30: Liliana Yolanda Meza | C30: Accionista | E30: Servicio | F30: 0 | G30: 0 | H30: 1010067 | I30: 0
B31: Natalia Raquel Trinidad | C31: Gte. Comercial | E31: Servicio | F31: 0 | G31: 0 | H31: 100914841 | I31: 44271692
B32: Cadiem A.F.P.I.S.A. | C32: Controlada | E32: Operativo | F32: 0 | G32: 0 | H32: 672269 | I32: 0
B33: Roberto Rufino Acosta | C33: Gte. Tecnologia | E33: Servicio | F33: 0 | G33: 0 | H33: 31156252 | I33: 26250000
B34: Gloria Ayala Person | C34: Accionista | E34: Servicio | F34: 0 | G34: 0 | H34: 22229166 | I34: 0
B35: Elías Miguel Gelay | C35: Accionista | E35: Servicio | F35: 0 | G35: 0 | H35: 44557586 | I35: 0
B36: César Paredes Franco | C36: Accionista | E36: Servicio | F36: 0 | G36: 0 | H36: 44458333 | I36: 0
B37: Myriam Celeste Silva | C37: Gte. Administrativo | E37: Servicio | F37: 0 | G37: 0 | H37: 24250001 | I37: 21000000
B38: Jorge Ramón Ugarte | C38: Contador | E38: Servicio | F38: 0 | G38: 0 | H38: 17343750 | I38: 15750000
B39: TOTALES | H39: =SUM(H27:H38) -> 335779672 | I39: =SUM(I27:I38) -> 139145657
B41: O) Obligaciones por Contrato de Underwriting (Corto y Largo Plazo): La entidad no cuenta obligaciones al respecto
B43: P) Otros Pasivos Corrientes y No Corrientes: La composición es la siguiente
B45: Pasivo Corriente
B46: CONCEPTO | C46: =+H26 -> 44469 | D46: =+I26 -> 44196
B47: Prov. p/ Pago de Gratificaciones | C47: 919931672 | D47: 415929318
B48: Anticipo de Cliente | C48: 52988282 | D48: 54274120
B49: Tarjeta de Crédito | C49: 4925130 | D49: 9371710
B50: Ingresos a Devengar | C50: 0 | D50: 37453092
B51: TOTAL | C51: =SUM(C47:C50) -> 977845084 | D51: =SUM(D47:D50) -> 517028240
B53: Q) Saldos y Transacciones con Personas y Empresas Relacionadas (Corriente y No Corriente)
B55: NOMBRE | C55: RELACIÓN | E55: TIPO DE OPERACIÓN | F55: =+C46 -> 44469 | G55: =+D46 -> 44196
B56: Cadiem A.F.P.I.S.A. | C56: Controlante | E56: Crédito | F56: 1031927254 | G56: 1398153594
B57: César Paredes Franco | C57: Accionista - Director | E57: Servicio | F57: -44458333 | G57: 6199126
B58: Elías Miguel Gelay | C58: Accionista - Director | E58: Servicio | F58: -44557586 | G58: 5579145
B59: Jessica Pamela Díaz | C59: Auditoría Interna | E59: Servicio | F59: -4680517 | G59: -11592500
B60: Jorge Ramón Ugarte | C60: Contador | E60: Servicio | F60: -17075750 | G60: -15750000
B61: Liliana Yolanda Meza | C61: Accionista | E61: Servicio | F61: -1010067 | G61: 0
B62: Myriam Celeste Silva | C62: Accionista - Administrativo | E62: Servicio | F62: -14586401 | G62: -7948900
B63: Natalia Raquel Trinidad | C63: Administrativo | E63: Servicio | F63: -97164841 | G63: -37596352
B64: Roberto Rufino Acosta | C64: Accionista - Administrativo | E64: Servicio | F64: -30165452 | G64: -26250000
B65: Rodrigo Fernando García | C65: Administrativo | E65: Servicio | F65: -2110513 | G65: -12250000
B66: Viviana Mabel Cabrera | C66: Accionista - Administrativo | E66: Servicio | F66: -13030657 | G66: -3261465
B67: Gloria Ayala Person | C67: Accionista - Director | E67: Servicio | F67: -21838566 | G67: 8768151
B68: TOTALES | F68: =SUM(F56:F67) -> 741248571 | G68: =SUM(G56:G67) -> 1304050799
B70: R) Resultado con Personas y Empresas Vinculadas
B72: NOMBRE | C72: INGRESOS | D72: EGRESOS
B73: Cadiem A.F.P.I.S.A. | C73: 14889862249 | D73: 0
B74: Gloria Ayala Person | C74: 23641904 | D74: 138416667
B75: Elías Miguel Gelay | C75: 18491102 | D75: 276833333
B76: César Paredes Franco | C76: 18104702 | D76: 276833333
B77: Natalia Raquel Trinidad | C77: 6047694 | D77: 527478443
B78: Jessica Pamela Díaz | C78: 4301219 | D78: 34917917
B79: Rodrigo Fernando García | C79: 3854355 | D79: 29995833
B80: Roberto Rufino Acosta | C80: 3737724 | D80: 168583335
B81: Myriam Celeste Silva | C81: 3233659 | D81: 126541667
B82: Viviana Mabel Cabrera | C82: 715763 | D82: 103825362
B83: Miriam Concepcion Ayala | C83: 307500
B84: Jorge Ramón Ugarte | C84: 247230 | D84: 84500000
B85: Maria Estela Ayala | C85: 123996 | D85: 85099288
B86: Liliana Yolanda Meza | C86: 0 | D86: 2779720
B87: Juana Pabla Galeano | C87: 0 | D87: 12900000
B88: TOTAL 30/09/2021 | C88: =SUM(C73:C87) -> 14972669097 | D88: =SUM(D73:D87) -> 1868704898
B89: TOTAL 30/09/2020 | C89: 2706040476 | D89: 1764988544
B91: S) Patrimonio
B93: CONCEPTO | C93: SALDO AL INICIO | D93: AUMENTOS | E93: DISMINUCIÓN | F93: SALDO AL CIERRE
B94: Capital Integrado | C94: 17110000000 | D94: 7316000000 | E94: 0 | F94: 24426000000
B95: Aporte no Capitalizado | C95: 0 | D95: 0 | E95: 0 | F95: 0
B96: Reservas | C96: 1347527854 | D96: 431376547 | E96: 0 | F96: 1778904401
B97: Valuación Acc BVPASA | C97: 836500000 | D97: 49000000 | E97: 0 | F97: 885500000
B98: Resultado Acumulado | C98: 0 | D98: 8627530939 | E98: -8627530939 | F98: 0
B99: Resultado del Ejercicio | C99: 8627530939 | D99: 10060790481 | E99: -8627530939 | F99: 10060790481
B100: TOTAL | C100: =SUM(C94:C99) -> 27921558793 | D100: =SUM(D94:D99) -> 26484697967 | E100: =SUM(E94:E99) -> -17255061878 | F100: =SUM(F94:F99) -> 37151194882
B102: T) Previsiones: La entidad no considera necesario realizar previsiones
B104: U) Ingresos Operativos
B106: Ingresos por Operaciones y Servicios a Personas Relacionadas
B107: CONCEPTO | C107: =+'03'!D7 -> 44469 | D107: =+'03'!E7 -> 44104
B108: Por Inversiones | C108: 8176219269 | D108: 0
B109: Por Servicios | C109: 6623999237 | D109: 2533254661
B110: Por Operaciones | C110: 172019095 | D110: 172785815
B111: TOTAL | C111: =SUM(C108:C110) -> 14972237601 | D111: =SUM(D108:D110) -> 2706040476
B113: Ingresos por Operaciones y Servicios Extrabursátil
B114: CONCEPTO | C114: =+C107 -> 44469 | D114: =+D107 -> 44104
B115: N/A | C115: N/A | D115: N/A
B118: TOTAL | C118: 0 | D118: 0
B120: Otros Ingresos Operativos
B121: CONCEPTO | C121: =+C114 -> 44469 | D121: =+D114 -> 44104
B122: Ingresos Varios por Asesoría. | C122: 261705817 | D122: 21800000
B123: Servicios de Representación | C123: 241090908 | D123: 271001000
B124: Intereses Cobrados | C124: 29018570 | D124: 64582603
B125: Ingresos Operativos Varios | C125: 17250000 | D125: 17250000
...

Sheet 10
A1: Índice
B2: CADIEM CASA DE BOLSA S.A.
B3: Notas a los Estados Contables al 30 de septiembre de 2021
B5: Nota 6 – Información Referente a Contingencias y Compromisos
B7: A) Compromisos Directos: A la fecha del informe no existen compromisos directos relevantes que informar o detallar en la presente nota.
B9: B) Contingencias Legales: La empresa no cuenta con juicios ni otras acciones que comprometa a la libre disponibilidad de sus bienes ni al libre desarrollo de sus actividades comerciales.
B11: C) Garantías Constituidas: La empresa cuenta con un Seguro de Caución “Desempeño de una Actividad o Profesión”, Póliza N°.: 007.1514.002059/000 con la Consolidada de Seguros vigente desde 05/07/2021 al 05/07/2022, por valor de Gs. 572.331.000-
B14: Nota 7 – Hechos posteriores al Cierre del Ejercicio:
B16: Entre la fecha de cierre del trimestre y la fecha de emisión de estos estados financieros, no han ocurrido otros hechos significativos de carácter financiero o de otra índole que afecten la situación patrimonial y financiera o los resultados de la Sociedad.
B19: Nota 8 – Limitación a la libre disponibilidad de los activos o del patrimonio y cualquier restricción al derecho de propiedad.
B21: La empresa no cuenta con ningún tipo de limitación a libre disposición de los activos o de patrimonio, tampoco existe restricciones al derecho de la propiedad.
B24: Nota 9 – Cambios Contables
B26: No se incurrió a ningún cambio de procedimiento en la aplicación contable y/o estimación contable en refencia a los estados contables anteriores al presente.
... B40: Los montos expuestos de las cuentas de orden como parte de la información de los estados contables corresponden a: -Títulos de Capital y Cupones de Intereses de Certificados de Depósitos de Ahorro, Acciones y Pagarés. Estos valores se encuentran resguardados en la caja fuerte de una entidad bancaria. -Forward por Dólares Americanos 1.000.000 con el Sudameris Bank SAECA con fecha inicio 02/09/2021 y fin 30/09/2021 a un tipo de cambio final de Gs 6.941 cada USD 1.

Sheet 11
A1: Índice
B2: ANEXO I
B3: CADIEM CASA DE BOLSA S.A.
B4: Cartera de Inversiones al 30/09/2021 comparativo al 31/12/2020
B6: INFIRMACIÓN SOBRE EL DOCUMENTO Y EMISOR | G6: INFORMACIÓN SOBRE EL EMISOR AL 30/09/2021
B7: EMISOR | C7: TIPO DE TÍTULO | D7: CANTIDAD DE TÍTULOS | E7: VALOR NOMINAL UNITARIO | F7: VALOR CONTABLE | G7: CAPITAL | H7: RESULTADO | I7: PATRIMONIO NETO
B8: Inversiones Temporarias
B9: Alemán Paraguayo Canadiense S.A. (ALPACASA) | C9: Bono | D9: 8 | E9: 1000000 | F9: 8164834 | G9: 32000000000 | H9: 5918838516 | I9: 40097913070
B10: Automaq SAECA | C10: Bono | D10: 2 | E10: 1000000 | F10: 2012082 | G10: 213840000000 | H10: 41060790000 | I10: 340658419521
B11: LCR SA | C11: Bono | D11: =32+2+12+6+12 -> 64 | E11: 1000000 | F11: 65704948 | G11: 75860000000 | H11: -6334355078 | I11: 82889214845
B12: Import Center | C12: Bono | D12: 42 | E12: 1000000 | F12: 43077048 | G12: 20000000000 | H12: 675407000 | I12: 34758577000
B13: Grupo Vazquez S.A.E. | C13: Bono | D13: 20000 | E13: 1000000 | F13: 20301700000 | G13: 240000000000 | H13: 14934599000 | I13: 268064177000
B14: Izaguirre Barrail Inversora S.A.E.C.A. | C14: Bono | D14: 32 | E14: 1000000 | F14: 32945176 | G14: 92847000000 | H14: 7568377878 | I14: 120233383611
B15: Ministerio de Hacienda | C15: Bonos del Tesoro | D15: 70000 | E15: 1000000 | F15: 74116550100 | G15: 0 | H15: 0 | I15: 0
B16: Nucleo S.A. | C16: Bono | D16: 10000 | E16: 1000000 | F16: 10111429900 | G16: 146400000000 | H16: 26468000000 | I16: 759663000000
B17: Visión Banco S.A.E.C.A. | C17: Cupon | D17: 1 | E17: =+F17 -> 20316412 | F17: 20316412 | G17: 417173200000 | H17: 16362234764 | I17: 672341075624
B18: Cemento Concepción S.A.E.C.A. | C18: Bono | D18: 20013 | E18: 1000000 | F18: 21029212818 | G18: 330000000000 | H18: -11939030259 | I18: 312887704210
B19: Electroban S.A.E.C.A. | C19: Bono | D19: =44+17 -> 61 | E19: 1000000 | F19: 62609418 | G19: 70819500000 | H19: 1693085935 | I19: 99351038135
B20: Credicentro S.A.E.C.A. | C20: Acciones Preferidas | D20: =4280+684+50+4 -> 5018 | E20: 1000000 | F20: 5019704348 | G20: 406093000000 | H20: 5593477000 | I20: 430506534000
B21: Banco Itaú Paraguay S.A. | C21: CDA | D21: 10 | E21: 100000000 | F21: 10111210059 | G21: 1133000000000 | H21: 156644802728 | I21: 3500436681100
B22: Financiera el Comercio S.A.E.C.A. | C22: CDA | D22: 1 | E22: 39701564 | F22: 39876742 | G22: 90510000000 | H22: 1367608917651 | I22: 134664347023
B23: Finexpar S.A.E.C.A. | C23: CDA | D23: 2 | E23: =43749248+38513353 -> 82262601 | F23: 85759484 | G23: 100000000000 | H23: 607384497333 | I23: 137924395307
B24: Tu Financiera S.A. | C24: CDA | D24: 6 | E24: 129000000 | F24: 129301182 | G24: 31546000000 | H24: 60131730692 | I24: 126130627798
B25: SUB TOTAL GS | F25: =SUM(F9:F24) -> 141179574551
B26: Grupo Vazquez S.A.E. | C26: Bono | D26: 115 | E26: 1000 | F26: 115135.7 | G26: 240000000000 | H26: 14934599000 | I26: 268064177000
B27: Banco Basa S.A. | C27: Bono Financiero | D27: 8 | E27: 1000 | F27: 8080.56 | G27: 392130000000 | H27: 24550527872 | I27: 777393161116
B28: Finexpar S.A.E.C.A. | C28: Bono Subordinado | D28: =756+15 -> 771 | E28: 1000 | F28: 771138.48 | G28: 100000000000 | H28: 5113795285 | I28: 135770779735
B29: Finexpar S.A.E.C.A. | C29: CDA | D29: 1 | E29: 25000 | F29: 25431.27 | G29: 100000000000 | H29: 5113795285 | I29: 135770779735
B30: Sudameris Bank SAECA | C30: Bono | D30: 50 | E30: 50000 | F30: 50092.5 | G30: 692697577711 | H30: 140011027490 | I30: 1108278785723
B31: Financiera el Comercio S.A.E.C.A. | C31: CDA | D31: 1 | E31: 25000 | F31: 24176.41 | G31: 90510000000 | H31: 1317555594 | I31: 127528686819
B32: Deuda Privada | C32: Pagaré | D32: 1 | E32: 28852.4 | F32: =+E32 -> 28852.4 | G32: 0 | H32: 0 | I32: 0
B33: SUB TOTAL USD | F33: =SUM(F26:F32) -> 1022907.3
B34: TIPO DE CAMBIO | F34: 6895.8
B35: SUB TOTAL EN GS | F35: =+F34*F33 -> 7.0537643e+09
B36: TOTAL AL 30/09/2021 | F36: =+F35+F25 -> 1.4823334e+11
B37: TOTAL AL 31/12/2020 | F37: 24181604113
B39: Inversiones Permanentes
B40: Cadiem A.F.P.I.S.A. | C40: Acciones Ordinarias | D40: =+F40/E40 -> 83093 | E40: 100000 | F40: 8309300000 | G40: 10153400000 | H40: 5722491989 | I40: 16314746842
B41: Valuación Acción AFPISA | C41: Acciones Ordinarias | F41: 8560925799
B42: B.V.P.A. S.A. | C42: Acciones Ordinarias | D42: 1 | E42: 200000000 | F42: 900000000 | G42: 8800000000 | H42: 3148177657 | I42: 20722649418
B43: SUB TOTAL GS | F43: =SUM(F40:F42) -> 17770225799
B44: LLC Bridge Search Capital | C44: Acciones | F44: 37500
B45: SUB TOTAL USD | F45: =+F44 -> 37500
B46: TIPO DE CAMBIO | F46: =+F34 -> 6895.8
B47: SUB TOTAL EN GS | F47: =+F45*F46 -> 258592500
B48: =+B36 -> TOTAL AL 30/09/2021 | F48: =+F43+F47 -> 18028818299
B49: =+B37 -> TOTAL AL 31/12/2020 | F49: 9545006530
B53: CUENTAS | C53: VALOR DE COSTO | D53: VALOR CONTABLE | E53: VALOR NOMINAL UNITARIO | F53: VALOR DE COTIZACIÓN
B54: Inversiones Corrientes
B55: Alemán Paraguayo Canadiense S.A. (ALPACASA) | C55: 8164834 | D55: 8164834 | E55: 1000000 | F55: 8164834
B56: Automaq SAECA | C56: 2012082 | D56: 2012082 | E56: 1000000 | F56: 2012082
B57: LCR SA | C57: 65704948 | D57: 65704948 | E57: 1000000 | F57: 65704948
B58: Import Center | C58: 43077048 | D58: 43077048 | E58: 1000000 | F58: 43077048
B59: Grupo Vazquez S.A.E. | C59: 20301700000 | D59: 20301700000 | E59: 1000000 | F59: 20301700000
B60: Izaguirre Barrail Inversora S.A.E.C.A. | C60: 32945176 | D60: 32945176 | E60: 1000000 | F60: 32945176
B61: Ministerio de Hacienda | C61: 74116550100 | D61: 74116550100 | E61: 1000000 | F61: 74116550100
B62: Nucleo S.A. | C62: 10111429900 | D62: 10111429900 | E62: 1000000 | F62: 10111429900
B63: Visión Banco S.A.E.C.A. | C63: 20316412 | D63: 20316412 | E63: =+F63 -> 20316412 | F63: 20316412
B64: Cemento Concepción S.A.E.C.A. | C64: 21029212818 | D64: 21029212818 | E64: 1000000 | F64: 21029212818
B65: Electroban S.A.E.C.A. | C65: 62609418 | D65: 62609418 | E65: 1000000 | F65: 62609418
B66: Credicentro S.A.E.C.A. | C66: 5019704348 | D66: 5019704348 | E66: 1000000 | F66: 5019704348
B67: Banco Itaú Paraguay S.A. | C67: 10111210059 | D67: 10111210059 | E67: 100000000 | F67: 10111210059
B68: Financiera el Comercio S.A.E.C.A. | C68: 39876742 | D68: 39876742 | E68: 39701564 | F68: 39876742
B69: Finexpar S.A.E.C.A. | C69: 85759484 | D69: 85759484 | E69: =43749248+38513353 -> 82262601 | F69: 85759484
B70: Tu Financiera S.A. | C70: 129301182 | D70: 129301182 | E70: 129000000 | F70: 129301182
B71: SUB TOTAL GS | C71: =SUM(C55:C70) -> 141179574551 | D71: =SUM(D55:D70) -> 141179574551 | F71: =SUM(F55:F70) -> 141179574551
B72: Grupo Vazquez S.A.E. | C72: 115135.7 | D72: 115135.7 | E72: 1000 | F72: 115135.7
B73: Banco Basa S.A. | C73: 8080.56 | D73: 8080.56 | E73: 1000 | F73: 8080.56
B74: Finexpar S.A.E.C.A. | C74: 771138.48 | D74: 771138.48 | E74: 1000 | F74: 771138.48
B75: Finexpar S.A.E.C.A. | C75: 25431.27 | D75: 25431.27 | E75: 25000 | F75: 25431.27
B76: Sudameris Bank SAECA | C76: 50092.5 | D76: 50092.5 | E76: 100000 | F76: 50092.5
B77: Financiera el Comercio S.A.E.C.A. | C77: 24176.41 | D77: 24176.41 | E77: 31313.87 | F77: 24176.41
B78: Deuda Privada | C78: 28852.4 | D78: 28852.4 | E78: 28852.4 | F78: 28852.4
B79: SUB TOTAL USD | C79: =SUM(C72:C78) -> 1022907.3 | D79: =SUM(D72:D78) -> 1022907.3 | F79: =SUM(F72:F78) -> 1022907.3
B80: TIPO DE CAMBIO | C80: =+D80 -> 6895.8 | D80: =+F34 -> 6895.8 | F80: 6895.8
B81: SUB TOTAL EN GS | C81: =+C79*C80 -> 7.0537643e+09 | D81: =+D79*D80 -> 7.0537643e+09 | F81: =+F79*F80 -> 7.0537643e+09
B82: =+B48 -> TOTAL AL 30/09/2021 | C82: =+C81+C71 -> 1.4823334e+11 | D82: =+D81+D71 -> 1.4823334e+11 | F82: =+F81+F71 -> 1.4823334e+11
B83: =+B49 -> TOTAL AL 31/12/2020 | C83: 24181604113 | D83: 24181604113 | F83: 24181604113
B85: Inversiones No Corrientes
B86: Cadiem A.F.P.I.S.A. | C86: 8309300000 | D86: 8309300000 | E86: 100000 | F86: 4762300000
B87: Valuación Acción AFPISA | C87: 8560925799 | D87: 8560925799 | F87: 12107925799
B88: B.V.P.A. S.A. | C88: 900000000 | D88: 900000000 | E88: 200000000 | F88: 900000000
B89: SUB TOTAL GS | C89: =SUM(C86:C88) -> 17770225799 | D89: =SUM(D86:D88) -> 17770225799 | E89: =SUM(E86:E88) -> 200100000 | F89: =SUM(F86:F88) -> 17770225799
B90: LLC Bridge Search Capital | C90: 37500 | D90: 37500 | F90: 37500
B91: SUB TOTAL USD | C91: =+C90 -> 37500 | D91: =+D90 -> 37500 | F91: =+F90 -> 37500
B92: TIPO DE CAMBIO | C92: =+C80 -> 6895.8 | D92: =+D80 -> 6895.8 | F92: =+F80 -> 6895.8
B93: SUB TOTAL EN GS | C93: =+C91*C92 -> 258592500 | D93: =+D91*D92 -> 258592500 | F93: =+F91*F92 -> 258592500
B94: =+B82 -> TOTAL AL 30/09/2021 | C94: =+C93+C89 -> 18028818299 | D94: =+D93+D89 -> 18028818299 | F94: =+F93+F89 -> 18028818299
B95: =+B83 -> TOTAL AL 31/12/2020 | C95: 9545006530 | D95: 9545006530 | F95: 9545006530
B98: CANTIDAD | C98: VALOR NOMINAL | D98: VALOR LIBRO DE ACCIÓN | E98: VALOR ÚLTIMO REMATE
B99: 1 | C99: 200000000 | D99: 470969305 | E99: 900000000
B100: =+B94 -> TOTAL AL 30/09/2021 | C100: =SUM(C99) -> 200000000 | D100: =SUM(D99) -> 470969305 | E100: =SUM(E99) -> 900000000
B101: =+B95 -> TOTAL AL 31/12/2020 | C101: 200000000 | D101: =+D100 -> 470969305 | E101: 851000000

Sheet 12
A1: Índice
B2: ANEXO II
B3: CADIEM CASA DE BOLSA S.A.
B4: Cuadro de Bienes de Uso al 30 de septiembre del 2021
B5: (En Guaraníes)
B6: R U B R O | C6: VALORES ORIGINALES | H6: DEPRECIACIONES | M6: NETO RESULTANTE
C7: Valores al inicio | D7: Altas | E7: Bajas | F7: Revalúo del Período | G7: Valores al Cierre | H7: Acumuladas al inicio | I7: Altas | J7: Bajas | K7: Depreciación del Período | L7: Acumuladas al Cierre
B8: Bienes de uso e intangible
B9: Muebles y Útiles | C9: 502676610 | D9: 82772326 | E9: 0 | F9: 0 | G9: 585448936 | H9: -142640511 | I9: 0 | J9: 0 | K9: 0 | L9: -177271863 | M9: 408177073
B10: Equipos de Oficina | C10: 322819832 | D10: 34729076 | E10: 0 | F10: 0 | G10: 357548908 | H10: -92889083 | I10: 0 | J10: 0 | K10: 0 | L10: -114807872 | M10: 242741036
B11: Equipos de Informática | C11: 442420778 | D11: 59089414 | E11: 0 | F11: 0 | G11: 501510192 | H11: -240114831 | I11: 0 | J11: 0 | K11: 0 | L11: -307319154 | M11: 194191038
B12: Instalaciones | C12: 1140034165 | D12: 41718676 | E12: 0 | F12: 0 | G12: 1181752841 | H12: -326667791 | I12: 0 | J12: 0 | K12: 0 | L12: -394426019 | M12: 787326822
B13: Mejoras en Predio Ajeno | C13: 629617356 | D13: 3349091 | E13: 0 | F13: 0 | G13: 632966447 | H13: -415459578 | I13: 0 | J13: 0 | K13: 0 | L13: -494945679 | M13: 138020768
B14: Maquinarias y Equipos | C14: 26735570 | D14: 0 | G14: 26735570 | H14: -15141086 | L14: -16797437 | M14: 9938133
B15: 44469 | C15: 3064304311 | D15: 221658583 | E15: 0 | F15: 0 | G15: 3285962894 | H15: -1232912880 | I15: 0 | J15: 0 | K15: 0 | L15: -1505568024 | M15: 1780394870
B16: 44196 | C16: 3165488705 | D16: 91021365 | E16: -192205759 | F16: 0 | G16: 3064304311 | H16: -943587858 | I16: 0 | J16: 0 | K16: 0 | L16: -1232912880 | M16: 1831391431

Sheet 13
A1: Índice
B2: ANEXO III
B3: CADIEM CASA DE BOLSA S.A.
B4: Cuadro de Intangibles por al 30 de septiembre del 2021
B5: (En Guaraníes)
B6: R U B R O | C6: VALORES ORIGINALES | H6: DEPRECIACIONES | M6: NETO RESULTANTE
C7: Valores al inicio | D7: Altas | E7: Bajas | F7: Revalúo del Período | G7: Valores al Cierre | H7: Acumuladas al inicio | I7: Altas | J7: Bajas | K7: Depreciación del Período | L7: Acumuladas al Cierre
B8: Bienes de uso e intangible
B9: Licencias | C9: 195903161 | D9: 13211866 | E9: 0 | F9: 0 | G9: 209115027 | H9: -66745807 | I9: 0 | J9: 0 | K9: 0 | L9: -81300409 | M9: 127814618
B10: 44469 | C10: 195903161 | D10: 13211866 | E10: 0 | F10: 0 | G10: 209115027 | H10: -66745807 | I10: 0 | J10: 0 | K10: 0 | L10: -81300409 | M10: 127814618
B11: 44196 | C11: 0 | D11: 195903161 | E11: 0 | F11: 0 | G11: 195903161 | H11: 0 | I11: 0 | J11: 0 | K11: 0 | L11: -66745807 | M11: 129157354

Sheet 14
A1: Índice
B2: ANEXO DE CAPITAL
B3: CADIEM CASA DE BOLSA S.A.
B4: Composición Accionaria al 30/09/2021
B6: CAPITAL INTEGRADO
B7: Accionistas | C7: Serie | E7: N° de Acciones | G7: Cantidad de Acciones | H7: Clase | I7: Votos por Acción | J7: Votos | K7: Valor Nominal | L7: Capital Integrado | M7: % Participación en el Capital Integrado | N7: (%) Votos
C8: del | D8: al | E8: del | F8: al
B9: Gloria Ayala Person | C9: 1 | D9: 3 | E9: 1 | F9: 250 | G9: 250 | H9: OVM | I9: 5 | J9: 1250 | K9: 1000000 | L9: 250000000 | M9: 0.010234995 | N9: 0.022601526
B10: César Paredes Franco | C10: 3 | D10: 5 | E10: 251 | F10: 500 | G10: 250 | H10: OVM | I10: 5 | J10: 1250 | K10: 1000000 | L10: 250000000 | M10: 0.010234995 | N10: 0.022601526
B11: Elías Miguel Gelay | C11: 6 | D11: 8 | E11: 501 | F11: 750 | G11: 250 | H11: OVM | I11: 5 | J11: 1250 | K11: 1000000 | L11: 250000000 | M11: 0.010234995 | N11: 0.022601526
B12: Liliana Yolanda Meza | C12: 8 | D12: 10 | E12: 751 | F12: 1000 | G12: 250 | H12: OVM | I12: 5 | J12: 1250 | K12: 1000000 | L12: 250000000 | M12: 0.010234995 | N12: 0.022601526
B13: Gloria Ayala Person | C13: 41 | D13: 45 | E13: 4001 | F13: 4500 | G13: 500 | H13: OVM | I13: 5 | J13: 2500 | K13: 1000000 | L13: 500000000 | M13: 0.020469991 | N13: 0.045203052
B14: César Paredes Franco | C14: 46 | D14: 50 | E14: 4501 | F14: 5000 | G14: 500 | H14: OVM | I14: 5 | J14: 2500 | K14: 1000000 | L14: 500000000 | M14: 0.020469991 | N14: 0.045203052
B15: Elías Miguel Gelay | C15: 51 | D15: 55 | E15: 5001 | F15: 5500 | G15: 500 | H15: OVM | I15: 5 | J15: 2500 | K15: 1000000 | L15: 500000000 | M15: 0.020469991 | N15: 0.045203052
B16: Liliana Yolanda Meza | C16: 56 | D16: 60 | E16: 5501 | F16: 6000 | G16: 500 | H16: OVM | I16: 5 | J16: 2500 | K16: 1000000 | L16: 500000000 | M16: 0.020469991 | N16: 0.045203052
B17: Gloria Ayala Person | C17: 61 | D17: 63 | E17: 6001 | F17: 6250 | G17: 250 | H17: OVM | I17: 5 | J17: 1250 | K17: 1000000 | L17: 250000000 | M17: 0.010234995 | N17: 0.022601526
B18: César Paredes Franco | C18: 63 | D18: 65 | E18: 6251 | F18: 6500 | G18: 250 | H18: OVM | I18: 5 | J18: 1250 | K18: 1000000 | L18: 250000000 | M18: 0.010234995 | N18: 0.022601526
B19: Elías Miguel Gelay | C19: 66 | D19: 68 | E19: 6501 | F19: 6750 | G19: 250 | H19: OVM | I19: 5 | J19: 1250 | K19: 1000000 | L19: 250000000 | M19: 0.010234995 | N19: 0.022601526
B20: Liliana Yolanda Meza | C20: 68 | D20: 70 | E20: 6751 | F20: 7000 | G20: 250 | H20: OVM | I20: 5 | J20: 1250 | K20: 1000000 | L20: 250000000 | M20: 0.010234995 | N20: 0.022601526
... B280: Viviana Cabrera | C280: 252 | D280: 253 | E280: 25200 | F280: 25206 | G280: 7 | H280: OS | I280: 1 | J280: 7 | K280: 1000000 | L280: 7000000 | M280: 0.00028657987 | N280: 0.00012656855
B282: TOTAL | G282: =SUM(G9:G281) -> 24426 | J282: =SUM(J9:J281) -> 55306 | L282: =SUM(L9:L281) -> 24426000000 | M282: =SUM(M9:M281) -> 1 | N282: =SUM(N9:N281) -> 1
B285: CAPITAL SUSCRIPTO
B286: Accionistas | C286: Serie | E286: N° de Acciones | G286: Cantidad de Acciones | H286: Clase | I286: Votos por Acción | J286: Votos | K286: Valor Nominal | L286: Capital Suscripto | M286: % Participación en el Capital Suscripto | N286: (%) Votos
C287: del | D287: al | E287: del | F287: al
B288: Gloria Ayala Person | C288: 1 | D288: 3 | E288: 1 | F288: 250 | G288: 250 | H288: OVM | I288: 5 | J288: 1250 | K288: 1000000 | L288: 250000000 | M288: 0.010234995 | N288: 0.022601526
B289: César Paredes Franco | C289: 3 | D289: 5 | E289: 251 | F289: 500 | G289: 250 | H289: OVM | I289: 5 | J289: 1250 | K289: 1000000 | L289: 250000000 | M289: 0.010234995 | N289: 0.022601526
B290: Elías Miguel Gelay | C290: 6 | D290: 8 | E290: 501 | F290: 750 | G290: 250 | H290: OVM | I290: 5 | J290: 1250 | K290: 1000000 | L290: 250000000 | M290: 0.010234995 | N290: 0.022601526
B291: Liliana Yolanda Meza | C291: 8 | D291: 10 | E291: 751 | F291: 1000 | G291: 250 | H291: OVM | I291: 5 | J291: 1250 | K291: 1000000 | L291: 250000000 | M291: 0.010234995 | N291: 0.022601526
B292: Gloria Ayala Person | C292: 41 | D292: 45 | E292: 4001 | F292: 4500 | G292: 500 | H292: OVM | I292: 5 | J292: 2500 | K292: 1000000 | L292: 500000000 | M292: 0.020469991 | N292: 0.045203052
B293: César Paredes Franco | C293: 46 | D293: 50 | E293: 4501 | F293: 5000 | G293: 500 | H293: OVM | I293: 5 | J293: 2500 | K293: 1000000 | L293: 500000000 | M293: 0.020469991 | N293: 0.045203052
B294: Elías Miguel Gelay | C294: 51 | D294: 55 | E294: 5001 | F294: 5500 | G294: 500 | H294: OVM | I294: 5 | J294: 2500 | K294: 1000000 | L294: 500000000 | M294: 0.020469991 | N294: 0.045203052
B295: Liliana Yolanda Meza | C295: 56 | D295: 60 | E295: 5501 | F295: 6000 | G295: 500 | H295: OVM | I295: 5 | J295: 2500 | K295: 1000000 | L295: 500000000 | M295: 0.020469991 | N295: 0.045203052
B296: Gloria Ayala Person | C296: 61 | D296: 63 | E296: 6001 | F296: 6250 | G296: 250 | H296: OVM | I296: 5 | J296: 1250 | K296: 1000000 | L296: 250000000 | M296: 0.010234995 | N296: 0.022601526
B297: César Paredes Franco | C297: 63 | D297: 65 | E297: 6251 | F297: 6500 | G297: 250 | H297: OVM | I297: 5 | J297: 1250 | K297: 1000000 | L297: 250000000 | M297: 0.010234995 | N297: 0.022601526
B298: Elías Miguel Gelay | C298: 66 | D298: 68 | E298: 6501 | F298: 6750 | G298: 250 | H298: OVM | I298: 5 | J298: 1250 | K298: 1000000 | L298: 250000000 | M298: 0.010234995 | N298: 0.022601526
B299: Liliana Yolanda Meza | C299: 68 | D299: 70 | E299: 6751 | F299: 7000 | G299: 250 | H299: OVM | I299: 5 | J299: 1250 | K299: 1000000 | L299: 250000000 | M299: 0.010234995 | N299: 0.022601526
... B559: Viviana Cabrera | C559: 252 | D559: 253 | E559: 25200 | F559: 25206 | G559: 7 | H559: OS | I559: 1 | J559: 7 | K559: 1000000 | L559: 7000000 | M559: 0.00028657987 | N559: 0.00012656855
B561: TOTAL | G561: =SUM(G288:G560) -> 24426 | J561: =SUM(J288:J560) -> 55306 | L561: =SUM(L288:L560) -> 24426000000 | M561: =SUM(M288:M560) -> 1 | N561: =SUM(N288:N560) -> 1
